 Dungeon Crawl Stone Soup version 0.30-a0-845-g7c6808c8ce (webtiles) character file.

Game seed: 15998772671056549384

793 cforsyth the Covert (level 8, 0/73 HPs)
             Began as a Kobold Brigand on Mar 3, 2023.
             Slain by Dowan
             ... wielding a +2 dagger of electrocution
              (4 damage)
             ... on level 5 of the Dungeon.
             The game lasted 00:07:02 (5266 turns).

cforsyth the Covert (Kobold Brigand)                Turns: 5266, Time: 00:07:03

Health: 0/73       AC: 24    Str:  8    XL:     8   Next: 12%
Magic:  8/8        EV:  3    Int: 12    God:
Gold:   204        SH:  0    Dex: 19    Spells: 7/7 levels left

rFire   . . .      SeeInvis .    a - +2 dagger
rCold   . . .      Faith    .    (no shield)
rNeg    . . .      Spirit   .    b - melded +0 robe
rPois   +          Reflect  .    w - melded +2 hat
rElec   .          Rampage  .    c - melded +0 cloak
rCorr   .          NoTele   +    (gloves currently unavailable)
Will    .....                    l - melded +1 pair of boots
Stlth   +++++                    (no amulet)
HPRegen 0.32/turn                (no ring)
MPRegen 0.11/turn                (no ring)

@: tree-form, invisible
A: stationary, stasis, torment immunity, boosted hp, small, no large weapons,
nightstalker 3
a: no special abilities


You were on level 5 of the Dungeon.
You were a tree.
You visited 1 branch of the dungeon, and saw 5 of its levels.

You collected 204 gold pieces.

Inventory:

Hand Weapons
 a - a +2 dagger (weapon)
 v - a +0 short sword of holy wrath
Missiles
 d - 27 poisoned darts (quivered)
 e - 3 curare-tipped darts
Armour
 b - a +0 robe (melded)
 c - a +0 cloak (melded)
 l - a +1 pair of boots (melded)
 w - a +2 hat (melded)
Jewellery
 u - a +6 ring of strength
 A - an amulet of regeneration
 C - a +5 ring of evasion
Wands
 z - a wand of mindburst (9)
Scrolls
 g - a scroll of magic mapping {unknown}
 h - 7 scrolls of identify {unknown}
 i - a scroll of torment {unknown}
 j - a scroll of enchant weapon {unknown}
 m - 8 scrolls of teleportation {unknown}
 n - a scroll of fog {unknown}
 p - 3 scrolls of immolation {unknown}
 s - a scroll of fear {unknown}
 t - a scroll of blinking {unknown}
 x - a scroll of enchant armour {unknown}
 y - a scroll of noise {unknown}
Potions
 k - a potion of heal wounds {unknown}
 q - a potion of might {unknown}
 r - 2 potions of berserk rage {unknown}
 B - a potion of mutation {unknown}
 D - a potion of magic {unknown}
 E - a potion of curing
 F - a potion of haste {unknown}


   Skills:
 + Level 5.0 Fighting
 + Level 6.2 Short Blades
 - Level 2.1 Throwing
 + Level 5.1 Dodging
 + Level 8.1 Stealth


You had 7 spell levels left.
You didn't know any spells.
Your spell library contained the following spells:

 Spells                   Type           Power      Damage    Failure   Level
 Magic Dart               Conj           0%         1d3       32%         1
 Summon Small Mammal      Summ           0%         N/A       32%         1
 Call Imp                 Summ           0%         N/A       45%         2
 Ensorcelled Hibernation  Hex/Ice        0%         N/A       45%         2
 Lesser Beckoning         Tloc           0%         N/A       45%         2
 Call Canine Familiar     Summ           0%         N/A       69%         3
 Gell's Gravitas          Tloc           0%         N/A       69%         3
 Mephitic Cloud           Conj/Pois/Air  0%         N/A       69%         3
 Spider Form              Tmut/Pois      0%         N/A       69%         3
 Summon Guardian Golem    Hex/Summ       0%         N/A       69%         3
 Teleport Other           Tloc           0%         N/A       69%         3
 Anguish                  Hex/Necr       0%         N/A       97%         4
 Olgreb's Toxic Radiance  Pois           0%         N/A       97%         4
 Enfeeble                 Hex            0%         N/A       100%        7
 Ozocubu's Refrigeration  Ice            0%         4d7       100%        7
 Ignition                 Fire           0%         3d3       100%        8


Dungeon Overview and Level Annotations

Branches:
Dungeon (5/15)
 Temple: D:4-7

Altars:
Sif Muna
Trog

Shops:
D:3 :(

Annotations:
D:5 Dowan


Innate Abilities, Weirdness & Mutations

You are a tree.
Your roots penetrate the ground, keeping you stationary.
You cannot be teleported.
You are immune to unholy pain and torment.
Your maximum health is greatly increased.
Your equipment is partially melded.
You are small and have problems with some larger weapons.
You are completely attuned to the shadows.


Message History

You are electrocuted!
* * * LOW HITPOINT WARNING * * *
You hit Duvessa but do no damage.
Duvessa is almost dead.
Duvessa hits you with a +0 short sword.
* * * LOW HITPOINT WARNING * * *
Dowan casts a spell at you.
The puff of flame hits you but does no damage.
You hit Duvessa but do no damage.
Duvessa is almost dead.
You hit Duvessa but do no damage.
Duvessa is almost dead.
Duvessa hits you but does no damage. Dowan hits you but does no damage.
You hit Duvessa but do no damage.
Duvessa is almost dead.
Duvessa hits you with a +0 short sword.
* * * LOW HITPOINT WARNING * * *
Dowan hits you but does no damage.
You hit Duvessa.
Duvessa is almost dead.
You hit Duvessa.
You kill Duvessa!
Dowan screams, "No!
Oh no!"
Dowan seems to find hidden reserves of power!
Dowan hits you with a +2 dagger of electrocution.
* * * LOW HITPOINT WARNING * * *
Your Fighting skill increases to level 5!
Your Short Blades skill increases to level 6!
Your Dodging skill increases to level 5!
Your Stealth skill increases to level 8!
You have reached level 8!
You fade into invisibility!
Dowan hits you with a +2 dagger of electrocution.
* * * LOW HITPOINT WARNING * * *
Dowan casts a spell.
Dowan blinks!
You hit Dowan.
Dowan is lightly wounded.
Dowan hits you with a +2 dagger of electrocution.
You die...

......<..oo.<....# #...........#.
###...)###.#####.###...#########.
###.#...............## #.
##.#########.###.## #. ###
#.....# ##### #. # #######
##...## #. .. ##.....###.
#.########.......##.
#.e♣§............##.
##########.......##. ##.....###.
##........ #########


You could see Dowan (fast, unable to see you).

Vanquished Creatures
  Duvessa (D:5)
  A black bear (D:3)
  An ogre (D:4)
  A kobold brigand (D:5)
  A scorpion (D:4)
  A hound (D:5)
  3 orc priests
  2 iguanas (D:5)
  Natasha (D:2)
  An orc wizard (D:5)
  3 adders
  5 gnolls
  A worm (D:4)
  2 dart slugs
  12 orcs
  8 ball pythons
  4 bats
  6 endoplasms
  3 giant cockroaches
  7 goblins
  9 hobgoblins
  3 jackals (D:3)
  16 kobolds
  2 quokkas
  4 frilled lizards
  5 rats
103 creatures vanquished.

Notes
Turn   | Place    | Note
-------+----------+-------------------------------------------
     0 | D:1      | cforsyth the Kobold Brigand began the quest for the Orb.
     0 | D:1      | Reached XP level 1. HP: 12/12 MP: 1/1
   144 | D:1      | Reached XP level 2. HP: 15/18 MP: 2/2
   316 | D:1      | Reached XP level 3. HP: 22/22 MP: 3/3
   586 | D:2      | Noticed Natasha
   590 | D:2      | Killed Natasha
   591 | D:2      | Reached XP level 4. HP: 27/27 MP: 4/4
   692 | D:2      | Reached skill level 6 in Stealth
   852 | D:2      | Found a faded altar of an unknown god.
  1082 | D:2      | Found a shimmering blue altar of Sif Muna.
  1358 | D:3      | Reached XP level 5. HP: 19/32 MP: 5/5
  1466 | D:3      | Found Ruudd's Vocational Training.
  1633 | D:3      | Found Lufune's Antique Weapon Shop.
  1830 | D:4      | Noticed an ogre
  1832 | D:4      | Killed an ogre
  1833 | D:4      | Reached XP level 6. HP: 38/38 MP: 6/6
  1951 | D:4      | Found a bloodstained altar of Trog.
  2587 | D:4      | Noticed a black bear
  2778 | D:3      | Killed a black bear
  2779 | D:3      | Reached skill level 5 in Short Blades
  2779 | D:3      | Reached skill level 7 in Stealth
  2779 | D:3      | Reached XP level 7. HP: 11/43 MP: 7/7
  3094 | D:4      | Found Namamog's Book Shoppe.
  3314 | D:5      | Entered Level 5 of the Dungeon
  3346 | D:5      | Noticed Duvessa
  3897 | D:5      | Noticed Dowan
  4148 | D:4      | HP: 1/44 [scorpion (4)]
  5263 | D:5      | Killed Duvessa
  5264 | D:5      | Reached skill level 5 in Fighting
  5264 | D:5      | Reached skill level 5 in Dodging
  5264 | D:5      | Reached skill level 8 in Stealth
  5264 | D:5      | Reached XP level 8. HP: 5/49 MP: 8/8
  5266 | D:5      | Slain by Dowan

Illustrated notes

Levels and vault maps discovered:
D:1:      amcnicky_arrival_flooded_fountain, layout_basic, minmay_3d_cube
D:2:      layout_loops_ring, hellmonk_ecumenical_altar_pennies_from_heaven,
          basic_altar, minmay_misc_feat_alley, minmay_ruptured, uniq_natasha
D:3:      layout_basic, serial_shops, shop, nicolae_shop_vocational
D:4:      layout_cave_pools, mainiacjoe_overflow_catwalk, serial_shops,
          shop_fountains, nicolae_kite_square_tiling_tiny,
          chequers_serial_rivers_small_b, minmay_fountain_box
D:5:      layout_loops_ring, uniq_duvessa

Skill      XL: |  1  2  3  4  5  6  7 |
---------------+----------------------+-----
Short Blades   | 3 4 5 6 |  6.2
Dodging        | 2 3 4 5 |  5.1
Fighting       | 3 4 5 |  5.0
Stealth        | 6 7 8 |  8.1
Throwing       | |  2.1

Action                     |  1- 3 |  4- 6 |  7- 9 || total
---------------------------+-------+-------+-------++-------
  Melee: Dagger            |    55 |   161 |   162 ||   378
         Punch             |       |       |     4 ||     4
    Use: Potion            |       |     3 |     3 ||     6
   Stab: Sleeping          |    12 |    22 |     9 ||    43
         Distracted        |       |     3 |       ||     3
         Invisible         |       |     2 |       ||     2
 Armour: Robe              |    15 |    19 |    18 ||    52
         Skin              |       |    11 |    19 ||    30
  Dodge: Dodged            |    39 |   103 |    72 ||   214

Table legend: (Time is in decaauts)
 A = Elapsed time spent in this place.
 B = Non-inter-level travel time spent in this place.
 C = Inter-level travel time spent in this place.
 D = Time resting spent in this place.
 E = Time spent auto-exploring this place.
 F = Levels seen in this place.
 G = Mean time per level.
                   A        B        C        D        E       F      G
               +--------+--------+--------+--------+--------+-----+--------+
         Total |   5187 |   5092 |     95 |   1781 |   2420 |   5 | 1037.4 |
       Dungeon |   5187 |   5092 |     95 |   1781 |   2420 |   5 | 1037.4 |
               +--------+--------+--------+--------+--------+-----+--------+

Top non-repeatable levels by time:
     D:4: 2061 daAuts
     D:3: 1096 daAuts
     D:2: 792 daAuts
     D:5: 714 daAuts
     D:1: 524 daAuts
